 Dungeon Crawl Stone Soup version 0.30-a0-799-g109b55a442 (webtiles) character file.

Game seed: 2091615046429106331

54975 dolemite99 the Grappler (level 14, -4/193 HPs)
             Began as a Troll Hedge Wizard on Feb 21, 2023.
             Was a High Priest of Hepliaklqana.
             Slain by a death yak (17 damage)
             ... on level 5 of the Lair of Beasts.
             The game lasted 00:30:46 (19141 turns).

dolemite99 the Grappler (Troll Hedge Wizard)       Turns: 19141, Time: 00:30:46

Health: -4/193     AC: 18    Str: 25    XL:     14   Next: 36%
Magic:  19/19      EV:  8    Int: 18    God:    Hepliaklqana [*****.]
Gold:   841        SH:  0    Dex:  9    Spells: 17/17 levels left

rFire   + . .      SeeInvis .      - Unarmed
rCold   + + .      Faith    .    (no shield)
rNeg    . . .      Spirit   .    W - +0 gold dragon scales
rPois   +          Reflect  .    o - +1 hat "Het Yweph" {rC+ Int+2}
rElec   .          Harm     .    N - scarf {repulsion}
rCorr   .          Rampage  .    (gloves unavailable)
Will    +....                    (boots unavailable) Stlth
                                 G - amulet of regeneration
HPRegen 2.12/turn                w - +6 ring of intelligence
MPRegen 0.16/turn                b - +5 ring of evasion

@: berserking, repel missiles, very quick
A: reduced essence, large, unfitting armour, claws 3, regeneration 1, shaggy fur
1, tough skin 1
a: Renounce Religion, Recall Ancestor, Ancestor Identity, Transference, Idealise


You were on level 5 of the Lair of Beasts.
You worshipped Hepliaklqana.
Hepliaklqana was extremely pleased with you.
You visited 3 branches of the dungeon, and saw 18 of its levels.

You collected 1022 gold pieces.
You spent 181 gold pieces at shops.

Inventory:

Missiles
 J - 23 poisoned darts (quivered)
Armour
 o - the +1 hat "Het Yweph" (worn) {rC+ Int+2}
   (You acquired it on level 4 of the Dungeon)

   Int:       It affects your intelligence (+2).
   rC:        It protects you from cold.
 I - a +2 robe of positive energy
 N - a scarf of repulsion (worn)
 W - +0 gold dragon scales (worn)
Jewellery
 b - a +5 ring of evasion (right claw)
 h - a ring of ice
 q - a ring of willpower
 w - a +6 ring of intelligence (left claw)
 E - a +6 ring of strength
 G - an amulet of regeneration (around neck)
 M - the Hermit's Pendant {Faith Invo=14 Evo=0 MP+5}
   (You took it off Grum on level 10 of the Dungeon)

   [amulet of faith]

   Invo=14: It sets your Invocations skill to 14.
   Evo=0: It sets your Evocations skill to 0.
   It allows you to gain divine favour quickly.
   MP:        It affects your magic capacity (+5).
 T - a ring of willpower
Wands
 a - a wand of digging (4)
 g - a wand of flame (60)
 i - a wand of mindburst (15)
 s - a wand of roots (26)
 C - a wand of charming (12)
 Q - a wand of polymorph (6)
Scrolls
 e - 8 scrolls of fear
 l - 4 scrolls of blinking
 m - a scroll of teleportation
 n - a scroll of butterflies
 D - a scroll of torment
 F - 2 scrolls of amnesia
 H - 2 scrolls of poison
 R - a scroll of magic mapping
 U - 5 scrolls of identify {@r1}
Potions
 d - 2 potions of magic
 p - 2 potions of curing
 r - 3 potions of brilliance
 t - a potion of haste
 u - a potion of berserk rage
 v - 5 potions of attraction
 x - a potion of cancellation
 z - 5 potions of degeneration
 A - 2 potions of mutation
 B - a potion of invisibility
 Y - a potion of might


   Skills:
 + Level 10.4 Fighting
 - Level 8.0 Throwing
 - Level 7.0 Armour
 - Level 5.8 Dodging
 - Level 1.0 Stealth
 - Level 14.1 Unarmed Combat
 - Level 2.0 Spellcasting
 - Level 0.6 Conjurations
 - Level 0.6 Summonings
 - Level 0.6 Translocations
 - Level 8.3 Invocations
 - Level 4.4 Evocations


You had 17 spell levels left.
You didn't know any spells.
Your spell library contained the following spells:

 Spells                   Type           Power      Damage    Failure   Level
 Foxfire                  Conj/Fire      8%         2x1d4     100%        1
 Magic Dart               Conj           12%        1d3       100%        1
 Slow                     Hex            4%         N/A       100%        1
 Sting                    Tmut/Pois      4%         1d3       100%        1
 Summon Small Mammal      Summ           12%        N/A       100%        1
 Blink                    Tloc           6%         N/A       100%        2
 Call Imp                 Summ           3%         N/A       100%        2
 Cigotuvi's Dreadful Rot  Necr/Pois/Air  2%         N/A       100%        2
 Ensorcelled Hibernation  Hex/Ice        2%         N/A       100%        2
 Passwall                 Tmut/Erth      0%         N/A       100%        2
 Poisonous Vapours        Pois/Air       2%         N/A       100%        2
 Sublimation of Blood     Necr           1%         N/A       100%        2
 Call Canine Familiar     Summ           3%         N/A       100%        3
 Gell's Gravitas          Tloc           3%         N/A       100%        3
 Mephitic Cloud           Conj/Pois/Air  2%         N/A       100%        3
 Portal Projectile        Hex/Tloc       4%         N/A       100%        3
 Stone Arrow              Conj/Erth      4%         3d7       100%        3
 Summon Guardian Golem    Hex/Summ       2%         N/A       100%        3
 Swiftness                Air            1%         N/A       100%        3
 Teleport Other           Tloc           3%         N/A       100%        3
 Tukima's Dance           Hex            1%         N/A       100%        3
 Animate Armour           Summ/Erth      4%         N/A       100%        4
 Animate Dead             Necr           1%         N/A       100%        4
 Dispel Undead            Necr           1%         3d6       100%        4
 Olgreb's Toxic Radiance  Pois           1%         N/A       100%        4
 Passage of Golubria      Tloc           3%         N/A       100%        4
 Summon Lightning Spire   Summ/Air       2%         N/A       100%        4
 Agony                    Necr           1%         N/A       100%        5
 Blade Hands              Tmut           0%         N/A       100%        5
 Fireball                 Conj/Fire      1%         3d3       100%        5
 Yara's Violent Unravell  Hex/Tmut       0%         3d3       100%        5
 Death Channel            Necr           0%         N/A       100%        6
 Dispersal                Tloc           1%         N/A       100%        6
 Starburst                Conj/Fire      1%         6d3       100%        6
 Haunt                    Necr/Summ      1%         N/A       100%        7
 Orb of Destruction       Conj           1%         9d5       100%        7
 Spellforged Servitor     Conj/Summ      1%         N/A       100%        7
 Storm Form               Tmut/Air       0%         N/A       100%        7
 Disjunction              Tloc           1%         N/A       100%        8
 Infestation              Necr           0%         N/A       100%        8
 Lehudib's Crystal Spear  Conj/Erth      1%         10d2      100%        8
 Maxwell's Capacitive Co  Air            0%         ∞         100%        8


Dungeon Overview and Level Annotations

Branches:
Dungeon (12/15)            Temple (1/1) D:6            Lair (5/5) D:9
  Swamp (0/4) Lair:3        Snake (0/4) Lair:3        Slime (0/5) Lair:4
    Orc (0/2) D:10

Altars:
Ashenzari
Cheibriados
Dithmenos
Elyvilon
Fedhas
Gozag
Hepliaklqana
Kikubaaqudgha
Makhleb
Nemelex Xobeh
Okawaru
Qazlal
Ru
Sif Muna
Trog
Uskayaw
Vehumet
Wu Jian
Xom
Yredelemnul
Zin
The Shining One
Jiyva

Shops:
D:1 *   D:4 ?[[:   D:5 *

Annotations:
D:4 2 transporters, Menkaure
D:8 1 runed translucent door, domi's ghost, novice HOMo


Innate Abilities, Weirdness & Mutations

Your life essence is reduced to manifest your ancestor. (-10% HP)
You are too large for most types of armour.
You have claws for hands.
Your natural rate of healing is unusually fast.
You are covered in fur. (AC +1)
You have tough skin. (AC +1)


Message History

The death yak gores you but does no damage.
The death yak attacks as you move away! The death yak gores you.
Aiming: Dig
Press: ? - help, Shift-Dir - straight line The rock shatters into small pieces.
The death yak gores you but does no damage.
The death yak attacks as you move away! The death yak gores you!!
The death yak attacks as you move away! The death yak gores you!!
You barely miss the death yak. You claw the death yak!
The death yak is severely wounded.
The death yak gores you!
You claw the death yak!
The death yak is almost dead.
You are too injured to fight recklessly!
You mangle the death yak!!
You kill the death yak!
You are too injured to fight recklessly!
You mangle the death yak!! Your claw misses the death yak.
The death yak is moderately wounded.
The death yak gores you!
* * * LOW HITPOINT WARNING * * *
You are too injured to fight recklessly!
You scratch the death yak.
The death yak is moderately wounded.
The death yak gores you!
* * * LOW HITPOINT WARNING * * *
You are too injured to fight recklessly!
You scratch the death yak but do no damage.
The death yak is moderately wounded.
You claw the death yak!
The death yak is heavily wounded.
The death yak gores you!
* * * LOW HITPOINT WARNING * * *
A red film seems to cover your vision as you go berserk!
You feel yourself moving faster!
You feel mighty! The death yak gores you!
* * * LOW HITPOINT WARNING * * *
You mangle the death yak!!
The death yak is severely wounded.
The death yak gores you!
You die...

##.####....#.#
### ###.#.#
##.## #..#
#.#.## #.##..###
## ##.†.#####
### ##.##...#
#@## #....###
##Y## ##...#
##Y##
##..#######
##.###.........#
##.##...#......
##.#...####..#
##....# ##
###...# #....##


You could see 2 death yaks.

Vanquished Creatures
  4 hydras
  A catoblepas (Lair:5)
  Erica (D:8)
  2 two-headed ogres
  A boulder beetle (Lair:3)
  11 death yaks
  A deep elf pyromancer (D:12)
  A manticore (D:11)
  2 cyclopes (D:11)
  A gargoyle (D:11)
  7 cane toads
  13 elephants
  3 black mambas
  An unseen horror (D:12)
  4 komodo dragons
  A kobold demonologist (D:9)
  Psyche (D:8)
  2 trolls
  A polar bear (Lair:3)
  Grinder (D:4)
  A hornet (D:8)
  19 blink frogs
  4 dream sheep
  Sigmund (D:4)
  A human (D:10)
  4 wyverns
  30 yaks
  3 basilisks
  Grum (D:10)
  A steam dragon (D:8)
  A warg (D:9)
  A swamp worm (Lair:3)
  A naga (Lair:3)
  An acid dragon (D:10)
  2 hell hounds (D:12)
  13 water moccasins
  4 orc warriors
  A black bear (Lair:1)
  2 ice beasts
  A sky beast (D:7)
  4 ogres
  5 centaurs
  3 wolves (D:10)
  A phantom (D:7)
  3 kobold brigands
  A gnoll sergeant (D:7)
  6 bullfrogs
  3 necrophages
  2 scorpions
  16 wights
  23 killer bees
  4 howler monkeys
  2 jellies
  6 orc priests
  2 gnoll boudas
  12 hounds
  Terence (D:2)
  Jessica (D:3)
  6 iguanas
  Natasha (thrice) (D:3)
  16 orc wizards
  Robin (D:2)
  11 gnolls
  11 adders
  A shadow imp (D:6)
  3 white imps
  An ufetubus (D:5)
  2 worms
  3 dart slugs
  45 orcs
  5 bats
  7 endoplasms
  3 giant cockroaches
  15 goblins
  12 hobgoblins
  8 jackals
  13 kobolds
  3 quokkas
  6 ball pythons
  6 frilled lizards
  3 rats
430 creatures vanquished.

Vanquished Creatures (collateral kills)
  3 hydras
  A centaur warrior (D:10)
  2 skysharks
  An elephant (Lair:1)
  A gargoyle (D:11)
  A black mamba (D:12)
  A rime drake (Lair:3)
  6 cane toads
  2 unseen horrors (D:11)
  3 komodo dragons
  A tyrant leech (Lair:3)
  A troll (D:12)
  A polar bear (Lair:2)
  3 blink frogs
  3 dream sheep
  13 yaks
  2 wyverns (Lair:2)
  A basilisk (Lair:1)
  A naga (Lair:3)
  A swamp worm (Lair:3)
  5 water moccasins
  A centaur (D:11)
  5 bullfrogs
  2 killer bees (D:8)
  A hound (D:12)
  An orc wizard (D:10)
  3 adders (D:12)
  9 orcs
  A ball python (D:12)
  3 kobolds (D:10)
79 creatures vanquished.

Vanquished Creatures (others)
  10 ancestors
  7 knights
  An orc (D:10)
  A jackal (D:12)
  15 fungi
  21 plants
55 creatures vanquished.

Grand Total: 564 creatures vanquished

Notes
Turn   | Place    | Note
-------+----------+-------------------------------------------
     0 | D:1      | dolemite99 the Troll Hedge Wizard began the quest for the
                  | Orb.
     0 | D:1      | Reached XP level 1. HP: 16/16 MP: 2/2
    29 | D:1      | Found Xuheim's General Store.
   141 | D:1      | Reached skill level 1 in Unarmed Combat
   403 | D:1      | Reached XP level 2. HP: 22/24 MP: 4/4
   613 | D:1      | Reached skill level 2 in Unarmed Combat
  1051 | D:1      | Reached XP level 3. HP: 28/31 MP: 1/5
  1200 | D:2      | Noticed Terence
  1319 | D:2      | Killed Terence
  1320 | D:2      | Reached skill level 3 in Unarmed Combat
  1613 | D:2      | Reached XP level 4. HP: 36/39 MP: 1/6
  1660 | D:2      | Noticed Robin
  1766 | D:2      | Reached skill level 4 in Unarmed Combat
  2102 | D:2      | Killed Robin
  2259 | D:3      | Found a shimmering blue altar of Sif Muna.
  2273 | D:3      | Reached XP level 5. HP: 42/45 MP: 7/7
  2531 | D:3      | Noticed Jessica
  2534 | D:3      | Found a shadowy altar of Dithmenos.
  2542 | D:3      | Reached skill level 5 in Unarmed Combat
  2542 | D:3      | Killed Jessica
  2759 | D:3      | Noticed Natasha
  2766 | D:3      | Killed Natasha
  2917 | D:3      | Noticed Natasha
  2926 | D:3      | Killed Natasha
  2927 | D:3      | Reached skill level 6 in Unarmed Combat
  2927 | D:3      | Reached XP level 6. HP: 28/53 MP: 8/8
  3015 | D:3      | Noticed Natasha
  3031 | D:3      | Killed Natasha
  3399 | D:4      | Noticed Sigmund
  3413 | D:4      | Killed Sigmund
  3414 | D:4      | Reached skill level 7 in Unarmed Combat
  3414 | D:4      | Reached XP level 7. HP: 53/59 MP: 7/9
  3480 | D:4      | Found Qilod's Book Shoppe.
  3748 | D:4      | Found a transporter.
  3751 | D:4      | Found a basalt altar of Yredelemnul.
  3754 | D:4      | Found a transporter.
  3763 | D:4      | Noticed Menkaure
  3768 | D:4      | Noticed Grinder
  3772 | D:4      | Killed Grinder
  3773 | D:4      | Reached skill level 8 in Unarmed Combat
  3821 | D:4      | Found an ancient bone altar of Kikubaaqudgha.
  3900 | D:4      | Found Guriw's Antique Armour Shoppe.
  3902 | D:4      | Found Sousoen's Magic Scroll Shoppe.
  3941 | D:4      | Bought a cloak for 108 gold pieces
  3955 | D:4      | Bought a scroll of identify for 22 gold pieces
  4020 | D:4      | Found Hotoustom's Antique Armour Shop.
  4146 | D:4      | Identified a scroll of acquirement
  4146 | D:4      | Acquired the +1 hat "Het Yweph" {rC+ Int+2}
  4198 | D:5      | Entered Level 5 of the Dungeon
  4204 | D:5      | Found Feriu's Assorted Antiques.
  4209 | D:5      | Bought an emerald potion for 21 gold pieces
  4400 | D:5      | Reached skill level 9 in Unarmed Combat
  4420 | D:5      | Reached XP level 8. HP: 33/67 MP: 10/10
  4586 | D:5      | Reached skill level 10 in Unarmed Combat
  4721 | D:5      | Reached skill level 1 in Fighting
  5200 | D:1      | Bought a potion of curing for 30 gold pieces
  5514 | D:6      | Reached XP level 9. HP: 87/87 MP: 11/11
  5632 | D:6      | Reached skill level 5 in Fighting
  5648 | D:6      | Found a staircase to the Ecumenical Temple.
  5659 | Temple   | Entered the Ecumenical Temple
  5844 | Temple   | Became a worshipper of Hepliaklqana the Forgotten
  6047 | D:6      | Found a broken altar of Ashenzari.
  7110 | D:7      | Found a stormy altar of Qazlal.
  7245 | D:7      | Found a sacrificial altar of Ru.
  7359 | D:7      | Found a blossoming altar of Fedhas.
  7592 | D:8      | Noticed domi's ghost (novice HOMo)
  7592 | D:8      | Found a runed translucent door.
  7630 | D:9      | Noticed a two-headed ogre
  7715 | D:8      | Paralysed by a hornet for 3 turns
  7722 | D:8      | Paralysed by a hornet for 1 turns
  7724 | D:8      | Reached XP level 10. HP: 24/106 MP: 12/12
  8005 | D:8      | Noticed Erica
  8017 | D:8      | Killed Erica
  8229 | D:8      | Reached * piety under Hepliaklqana
  8234 | D:8      | Noticed Psyche
  8249 | D:8      | Killed Psyche
  8471 | D:8      | Found a snail-covered altar of Cheibriados.
  8679 | D:9      | Killed a two-headed ogre
  8680 | D:9      | Reached skill level 5 in Dodging
  9092 | D:9      | Reached skill level 1 in Evocations
  9436 | D:9      | Reached XP level 11. HP: 86/103 MP: 13/13
  9471 | D:9      | Found a staircase to the Lair.
  9598 | D:10     | Entered Level 10 of the Dungeon
 10039 | D:10     | Noticed Grum
 10051 | D:10     | Killed Grum
 10454 | D:10     | Noticed a centaur warrior
 10473 | D:10     | Killed a centaur warrior
 10620 | D:10     | Reached skill level 11 in Unarmed Combat
 10840 | D:10     | Found a staircase to the Orcish Mines.
 11027 | D:10     | Identified the +1 dagger of Terror {freeze, rPois rC+ Will+
                  | SInv}
 11123 | D:10     | Reached ** piety under Hepliaklqana
 11124 | D:10     | Remembered your ancestor Yadidatum as a knight
 11413 | D:11     | Reached skill level 12 in Unarmed Combat
 12277 | D:12     | Reached skill level 13 in Unarmed Combat
 12295 | D:12     | Reached XP level 12. HP: 38/111 MP: 14/14
 12808 | D:12     | Noticed a two-headed ogre
 12815 | D:12     | Killed a two-headed ogre
 13109 | Lair:1   | Entered Level 1 of the Lair of Beasts
 13120 | Lair:1   | Reached skill level 14 in Unarmed Combat
 13182 | Lair:1   | Reached *** piety under Hepliaklqana
 13264 | Lair:1   | Reached skill level 1 in Throwing
 13473 | Lair:1   | Reached skill level 5 in Throwing
 14495 | Lair:2   | Reached skill level 1 in Armour
 14610 | Lair:2   | Noticed a death yak
 14611 | Lair:2   | Noticed a death yak
 14620 | Lair:2   | Noticed a death yak
 14627 | Lair:2   | Killed a death yak
 14628 | Lair:2   | Reached XP level 13. HP: 97/117 MP: 15/15
 14710 | Lair:2   | Reached **** piety under Hepliaklqana
 15409 | Lair:3   | Found a staircase to the Swamp.
 15443 | Lair:3   | Reached skill level 5 in Armour
 16023 | Lair:3   | Reached skill level 1 in Invocations
 16539 | Lair:3   | Found a staircase to the Snake Pit.
 16831 | Lair:3   | Reached skill level 5 in Invocations
 17012 | Lair:3   | Got the Incunable of the Non-Euclidean Undead
 17588 | Lair:4   | Reached XP level 14. HP: 102/126 MP: 18/18
 17711 | Lair:4   | Reached ***** piety under Hepliaklqana
 18161 | Lair:4   | Found a staircase to the Slime Pits.
 18162 | Lair:4   | Found a viscous altar of Jiyva.
 18430 | Lair:5   | Entered Level 5 of the Lair of Beasts
 18840 | Lair:5   | Reached skill level 10 in Fighting
 19141 | Lair:5   | Slain by a death yak

Illustrated notes

Levels and vault maps discovered:
D:1:      elethiomel_arrival_infinity_welcomes_careful_drivers, layout_basic,
          serial_shops, nicolae_square_shop, serial_bayou_pond_e
D:2:      layout_rooms, uniq_terence, uniq_robin
D:3:      layout_loops_ring, nicolae_sif_muna_condensation,
          grunt_dithmenos_smoke, uniq_natasha, uniq_jessica
D:4:      layout_basic, gammafunk_temple_of_torment, serial_shops,
          nicolae_shop_statue_plus, nicolae_stop_n_shop_1, nicolae_square_shop,
          nicolae_shop_statue_plus, uniq_sigmund, uniq_grinder, uniq_menkaure
D:5:      layout_basic, serial_shops, nicolae_shop_window_shopping,
          hangedman_minor_gate_pass
D:6:      layout_rooms, lemuel_crystal_altar, minmay_temple_entry_trees,
          serial_co_window_serial, co_window_corner_a, co_window_paths_b,
          co_window_corner_a, co_window_paths_b, co_window_paths_a,
          co_window_paths_a, co_window_of_opportunity_a,
          co_window_of_opportunity_b, co_window_broadway_b, co_window_2corner,
          co_window_paths_c, co_window_of_opportunity_b, glass_columns_a,
          glass_columns_b, glass_columns_a
D:7:      layout_cave_pools, lemuel_crystal_altar, marbit_many_paths,
          mainiacjoe_overflow_24_doors
D:8:      layout_rooms, kennysheep_little_box, hellmonk_ghost_happy_afterlife,
          uniq_psyche, uniq_erica
D:9:      layout_rooms, lair_entry_dummy, serial_glass, glass_columns_c,
          glass_columns_b, glass_columns_a, glass_columns_c, glass_columns_c,
          glass_columns_a, glass_columns_a, glass_columns_a,
          nicolae_figureground_pulse
D:10:     layout_roguey, erik_orc_4, uniq_grum
D:11:     layout_rooms, grunt_ministairs_2
D:12:     layout_loops_cross, hangedman_parallel_progression
Temple:   dshaligram_water_room_temple
Lair:1:   layout_regular_city, grunt_megastairs_2
Lair:2:   layout_cave_pods
Lair:3:   nzn_winding_woodlands_stair_cross
          [nzn_winding_woodlands_5x15_lazy_stream,
          nzn_winding_woodlands_center_diamonds,
          nzn_winding_woodlands_5x15_pockets,
          nzn_winding_woodlands_5x5_open_star,
          nzn_winding_woodlands_5x5_default,
          nzn_winding_woodlands_5x15_split_checker,
          nzn_winding_woodlands_center_lodge,
          nzn_winding_woodlands_5x15_jagged], layout_layer_cave,
          minmay_swamp_entry_worms, minmay_snake_entry_guardpost_medium
Lair:4:   layout_cellular_growth, slime_entry_1
Lair:5:   evil_forest, layout_cave_pods

Skill      XL: |  1  2  3  4  5  6  7  8  9 10 11 12 13 14 |
---------------+-------------------------------------------+-----
Unarmed Combat | 1 2 3 4 6 7 9 10 13 14 | 14.1
Fighting       | 4 8 9 10 | 10.4
Dodging        | 5 |  5.8
Evocations     | 2 4 |  4.4
Throwing       | 8 |  8.0
Armour         | 1 7 |  7.0
Invocations    | 6 8 |  8.3
Stealth        | |  1.0
Spellcasting   | |  2.0
Conjurations   | |  0.6
Summonings     | |  0.6
Translocations | |  0.6

Action                     |  1- 3 |  4- 6 |  7- 9 | 10-12 | 13-15 || total
---------------------------+-------+-------+-------+-------+-------++-------
  Melee: Unarmed           |    46 |   147 |   343 |   502 |   200 ||  1238
         Punch             |       |     5 |    20 |    22 |    13 ||    60
  Throw: Dart              |       |       |       |    50 |    79 ||   129
         Large rock        |       |       |       |    64 |    36 ||   100
         Javelin           |       |       |       |    33 |    81 ||   114
         Throwing net      |       |       |       |     1 |     1 ||     2
   Cast: Magic Dart        |    51 |    27 |     5 |       |       ||    83
 Invoke: Recall Ancestor   |       |       |       |     4 |     2 ||     6
         Ancestor Life: Kn |       |       |       |     1 |       ||     1
         Idealise          |       |       |       |       |     2 ||     2
  Evoke: Wand              |       |       |     5 |     2 |     4 ||    11
    Use: Scroll            |     5 |     1 |     8 |    13 |     3 ||    30
         Potion            |     2 |     2 |     3 |    18 |     4 ||    29
   Stab: Sleeping          |       |       |     1 |       |       ||     1
         Distracted        |       |       |       |     4 |     2 ||     6
         Invisible         |       |       |       |       |     1 ||     1
 Armour: Robe              |    12 |    49 |   108 |    20 |       ||   189
         Skin              |       |       |     3 |       |       ||     3
         Steam dragon scal |       |       |       |   113 |       ||   113
         Acid dragon scale |       |       |       |    65 |       ||    65
         Gold dragon scale |       |       |       |     4 |   137 ||   141
  Dodge: Dodged            |    13 |    81 |   164 |   280 |    67 ||   605
         Repelled          |       |       |       |     3 |       ||     3

Table legend: (Time is in decaauts)
 A = Elapsed time spent in this place.
 B = Non-inter-level travel time spent in this place.
 C = Inter-level travel time spent in this place.
 D = Time resting spent in this place.
 E = Time spent auto-exploring this place.
 F = Levels seen in this place.
 G = Mean time per level.
                   A        B        C        D        E       F      G
               +--------+--------+--------+--------+--------+-----+--------+
         Total |  18962 |  18132 |    830 |   3925 |   9766 |  18 | 1053.4 |
       Dungeon |  12750 |  12114 |    636 |   3115 |   5862 |  12 | 1062.5 |
        Temple |    204 |    150 |     54 |     32 |     95 |   1 |  204.0 |
          Lair |   6008 |   5868 |    140 |    777 |   3809 |   5 | 1201.6 |
               +--------+--------+--------+--------+--------+-----+--------+

Top non-repeatable levels by time:
  Lair:3: 2015 daAuts
     D:1: 1473 daAuts
    D:11: 1372 daAuts
     D:9: 1367 daAuts
    D:10: 1225 daAuts
  Lair:1: 1128 daAuts
  Lair:4: 1121 daAuts
     D:5: 1102 daAuts
  Lair:2: 1045 daAuts
     D:6: 1042 daAuts
     D:8: 1019 daAuts
     D:3: 1019 daAuts
     D:4: 939 daAuts
     D:7: 880 daAuts
     D:2: 858 daAuts
